AoeStats
← Malelf

Arabia

507745508Analyzed
1v1 RM · 13d ago on Sep 19, 2026· 45m 21s· 2 players
Game mode
Random Map
Map size
Tiny (2 player)
Population
200
Speed
Normal
Resources
Standard
Victory
Conquest
Starting age
Dark Age
Ending age
Imperial Age
RankedLock teamsTeams togetherTeam positionsShared explorationLock speedFull tech treeHidden civsTurbo modeCheats
Victory
Defeat
🇹🇷 Spanish · Türkiye
1745
+16
🇮🇹 Sicilians · Italy
1739
-16
Malelf
6:01 Loom
9:12 Feudal Age
9:46 Double-Bit Axe
17:04 Horse Collar
18:05 Wheelbarrow
18:16 Padded Archer Armor
22:15 Castle Age
21:12 Gold Mining
22:24 Crossbowman
22:58 Fletching
23:30 Bow Saw
23:23 Heavy Plow
25:16 Ballistics
26:09 Wheelbarrow
25:43 Town Watch
26:45 Leather Archer Armor
28:43 Hand Cart
35:00 Imperial Age
37:57 Bodkin Arrow
39:05 Chemistry
38:45 Bracer
39:17 Stone Mining
40:03 Gold Shaft Mining
40:20 Crop Rotation
39:28 Arbalester
40:39 Siege Engineers
41:29 Scale Barding Armor
41:34 Forging
41:53 Cavalier
42:44 Bloodlines
42:34 Husbandry
43:37 Chain Barding Armor
43:53 Iron Casting
43:14 Pikeman
✪ Günercan
6:17 Loom
9:02 Feudal Age
10:41 Horse Collar
16:12 Double-Bit Axe
22:18 Castle Age
20:12 Stone Mining
21:08 Padded Archer Armor
21:21 Bloodlines
21:53 Scale Barding Armor
22:16 Gold Mining
23:10 Husbandry
23:44 Bow Saw
26:55 Wheelbarrow
32:27 Leather Archer Armor
34:36 Heavy Plow
39:14 Imperial Age
38:00 Chain Barding Armor
38:54 Masonry
39:01 Forging
39:22 Cavalier
40:39 Plate Barding Armor
41:41 Iron Casting
45:09 Light Cavalry
Connection lost

Rejoining the realm…

Still unreachable

The connection could not be restored.

Session expired

The server has moved on; the page needs a fresh start.